 Dungeon Crawl Stone Soup version 0.31-a0-836-g3ceb0a68c4 (webtiles) character file.

Game seed: 16160072972094609191

253 Maratek the Magician (level 5, -3/28 HPs)
             Began as a Deep Elf Venom Mage on Sept 26, 2023.
             Was an Initiate of Yredelemnul.
             Slain by Duvessa
             ... wielding a +0 short sword
              (11 damage)
             ... on level 4 of the Dungeon.
             The game lasted 00:08:07 (3198 turns).

Maratek the Magician (Deep Elf Venom Mage)          Turns: 3198, Time: 00:08:09

Health: -3/28      AC:  2    Str:  5    XL:     5   Next: 90%
Magic:  11/15      EV: 13    Int: 22    God:    Yredelemnul [......]
Gold:   144        SH:  0    Dex: 15    Spells: 14/15 levels left

rFire   . . .        d - staff of conjuration
rCold   . . .        (no shield)
rNeg    . . .        a - +0 robe
rPois   +            (no helmet)
rElec   .            (no cloak)
rCorr   .            (no gloves)
SInv    +            (no boots)
Will    .....        i - amulet of regeneration
Stlth   ++           l - ring of poison resistance
HPRegen 1.04/turn    e - ring of see invisible
MPRegen 0.14/turn

%: no passive effects
@: no status effects
A: no striking features
a: Renounce Religion, Recall Undead Harvest


You were on level 4 of the Dungeon.
You worshipped Yredelemnul.
Yredelemnul was noncommittal.
You visited 1 branch of the dungeon, and saw 4 of its levels.

You collected 144 gold pieces.

Inventory:

Missiles
 c - a throwing net
Armour
 a - a +0 robe (worn)
Magical Staves
 d - a staff of conjuration (weapon)
Jewellery
 e - a ring of see invisible (right hand)
 i - an amulet of regeneration (around neck)
 l - a ring of poison resistance (left hand)
Scrolls
 f - a scroll of teleportation
 h - a scroll of amnesia
Potions
 b - 2 potions of magic
 g - a potion of might {unknown}
 j - a potion of brilliance {unknown}
 k - 2 potions of heal wounds {unknown}


   Skills:
 + Level 3.1 Dodging
 + Level 2.7 Stealth
 + Level 5.5 Spellcasting
 + Level 2.9 Transmutations
 + Level 4.9 Poison Magic


You had 14 spell levels left.
You knew the following spells:

 Your Spells              Type           Power      Damage    Failure   Level
a - Sting                 Tmut/Pois      92%        1d7       1%          1

Your spell library contained the following spells:

 Spells                   Type           Power      Damage    Failure   Level
 Poisonous Vapours        Pois/Air       34%        N/A       5%          2
 Slow                     Hex            24%        N/A       10%         1
 Olgreb's Toxic Radiance  Pois           27%        N/A       12%         4
 Mephitic Cloud           Conj/Pois/Air  20%        N/A       14%         3
 Confusing Touch          Hex            6%         N/A       28%         3
 Sigil of Binding         Hex            6%         N/A       28%         3
 Vampiric Draining        Necr           6%         2d6       28%         3
 Brom's Barrelling Bould  Conj/Erth      9%         2d3       67%         4
 Fireball                 Conj/Fire      4%         3d4       95%         5
 Iskenderun's Battlesphe  Conj           9%         2d6       95%         5
 Conjure Ball Lightning   Conj/Air       4%         3x3d6     100%        6
 Orb of Destruction       Conj           4%         9d5       100%        7


Dungeon Overview and Level Annotations

Branches:
Dungeon (4/15)
 Temple: D:4-7

Altars:
Yredelemnul

Annotations:
D:3 2 transporters
D:4 Dowan, Duvessa


Message History

The shadow imp puffs mist at you.
Partly explored, unvisited transporter.
Partly explored, unvisited transporter.
The shadow imp puffs mist at you.
There is an open door here.
There is a stone staircase leading down here.
You climb downwards.
Your mindless puppet stays behind to rot.
There is a stone staircase leading up here.
You can't see any susceptible monsters within range! (Use Z to cast anyway.)
The sting hits the ball python!
The ball python is poisoned.
You kill the ball python!
Magic restored.
Dowan, Brother of Duvessa comes into view.
He is wielding a +0 dagger and wearing a +1 robe of willpower.
No target in view!
Duvessa, Sister of Dowan comes into view.
She is wielding a +0 short sword.
Dowan shouts!
Duvessa shouts!
Dowan points at you and mumbles some strange words.
The puff of frost misses you.
Dowan says, "Magic and the sword, together, will defeat you."
Dowan points at something and mumbles some strange words.
Dowan says, "My weaknesses are her strengths!"
The sting hits Duvessa but does no damage.
Duvessa is poisoned.
The sting hits Duvessa.
Duvessa looks even sicker.
Duvessa is lightly wounded.
Duvessa hits you with a +0 short sword!
The sting hits Duvessa but does no damage.
Duvessa looks even sicker.
Duvessa is lightly wounded.
Duvessa hits you with a +0 short sword.
The sting hits Duvessa but does no damage.
Duvessa looks as sick as possible!
Duvessa is moderately wounded.
Duvessa hits you with a +0 short sword!
* * * LOW HITPOINT WARNING * * *
Dowan barely misses you. Duvessa hits you with a +0 short sword!
You die...
Your body rises from the dead as a mindless zombie.

#######.. #<.......
#.######. #.# #.#
########.# #.#
.........## #.#
..........# #.#
.########.# #.#
#####@#####.########
#....ee.............
#.###........##
#.####.#.# #.# #.#.#
#.# #.#.# #.# #.#.#
#.# ..... #.# .^#.#


You could see Duvessa (fast, extremely poisoned) and Dowan.

Vanquished Creatures
  Sigmund (D:3)
  4 adders
  2 worms
  An orc (D:2)
  4 ball pythons
  2 bats
  4 endoplasms
  A giant cockroach (D:1)
  A goblin (D:2)
  7 hobgoblins
  2 jackals (D:1)
  4 kobolds
  2 quokkas (D:3)
  A frilled lizard (D:3)
  5 rats
41 creatures vanquished.

Vanquished Creatures (collateral kills)
  An endoplasm (D:3)
1 creature vanquished.

Vanquished Creatures (others)
  An endoplasm zombie (D:3)
1 creature vanquished.

Grand Total: 43 creatures vanquished

Notes
Turn   | Place    | Note
-------+----------+-------------------------------------------
     0 | D:1      | Maratek the Deep Elf Venom Mage began the quest for the
                  | Orb.
     0 | D:1      | Reached XP level 1. HP: 10/10 MP: 6/6
   226 | D:1      | Reached XP level 2. HP: 6/15 MP: 1/8
  1229 | D:2      | You fall into a shaft and drop 1 floor!
  1540 | D:2      | Reached XP level 3. HP: 14/19 MP: 2/10
  2035 | D:3      | Found a transporter.
  2068 | D:3      | Reached skill level 4 in Spellcasting
  2189 | D:3      | Reached XP level 4. HP: 20/24 MP: 3/12
  2416 | D:3      | Found a basalt altar of Yredelemnul.
  2444 | D:3      | Became a worshipper of Yredelemnul the Dark
  2610 | D:3      | Noticed Sigmund
  2624 | D:3      | Killed Sigmund
  2625 | D:3      | Reached skill level 5 in Spellcasting
  2625 | D:3      | Reached XP level 5. HP: 11/28 MP: 3/15
  3036 | D:3      | Found a transporter.
  3173 | D:4      | Noticed Dowan
  3184 | D:4      | Noticed Duvessa
  3198 | D:4      | Slain by Duvessa

Illustrated notes

Levels and vault maps discovered:
D:1:      tarquinn_simple_flora_water_e, layout_rooms
D:2:      layout_basic
D:3:      gammafunk_wand_slinger, layout_basic, lemuel_crystal_altar,
          uniq_sigmund
D:4:      layout_loops_ring, minivault_5, uniq_duvessa

Skill      XL: |  1  2  3  4 |
---------------+-------------+-----
Poison Magic   | 4 |  4.9
Dodging        | 3 |  3.1
Spellcasting   | 4 5 |  5.5
Transmutations | 2 |  2.9
Stealth        | |  2.7

Action                     |  1- 3 |  4- 6 || total
---------------------------+-------+-------++-------
  Melee: Staff             |     6 |     1 ||     7
   Cast: Sting             |    81 |    37 ||   118
    Use: Scroll            |     4 |       ||     4
 Armour: Robe              |    35 |    14 ||    49
  Dodge: Dodged            |    39 |    14 ||    53

Table legend: (Time is in decaauts)
 A = Elapsed time spent in this place.
 B = Non-inter-level travel time spent in this place.
 C = Inter-level travel time spent in this place.
 D = Time resting spent in this place.
 E = Time spent auto-exploring this place.
 F = Levels seen in this place.
 G = Mean time per level.
                   A        B        C        D        E       F      G
               +--------+--------+--------+--------+--------+-----+--------+
         Total |   3197 |   3169 |     28 |    588 |   2132 |   4 |  799.2 |
       Dungeon |   3197 |   3169 |     28 |    588 |   2132 |   4 |  799.2 |
               +--------+--------+--------+--------+--------+-----+--------+

Top non-repeatable levels by time:
     D:2: 1307 daAuts
     D:3: 1272 daAuts
     D:1: 571 daAuts
     D:4: 45 daAuts
